Mandevil, lawful male human Samurai ----------- -------------- ----- #######..........| #........._[...##### |.>.| # |.........-# )|......)..%..| # ---------- |....####### |.........|# #|........[...-####### |........| |..{| # |.........|# #-------------- # |........| -|--- ##...[......|) # ###|....)...| ## -----------# # #-........| # # # -------.-- ### ) # # ------|- # # |......| # a |%()!!.| # # --------------- |[*[%!.| # # |.............| |*!)*![| #-------# |.............| |[).*)?| #....(..# |.............| ------- -------- |.....| #...............########## |.....| |...<..####|.............| # |.....| |.....| --------------- ##-.....| ------- ------- Mandevil the Ninja Experience level: 8 Strength: 18 Dexterity: 16 Constitution: 18 Intelligence: 9 Wisdom: 9 Charisma: 10 Health: 0(109) Energy: 47(47) Def: 10 Gold: 0 Moves: 7830 Dungeon seed: lNBeCgeX8x4DGwKS Game ID: Mandevil_1561473378 Your Inventory: Amulets I - an uncursed amulet of reflection (being worn) Weapons a - an uncursed +0 katana (weapon in hand) b - an uncursed +0 yumi d - 17 uncursed +0 ya (in quiver) Armor n - an uncursed +0 pair of high boots r - an uncursed -1 elven cloak (being worn) K - an uncursed +0 elven mithril-coat (being worn) N - an uncursed +0 dwarvish iron helm (being worn) Y - an uncursed +1 pair of iron shoes (being worn) Comestibles g - an uncursed lichen corpse i - 2 uncursed tripe rations t - an uncursed apple w - 4 uncursed gunyoki B - an uncursed pancake M - an uncursed female lizard corpse U - 2 uncursed sis Rings l - a cursed ring of teleportation m - an uncursed ring of invisibility (on left hand) D - an uncursed ring of fire immunity H - an uncursed ring of protection from shape changers T - an uncursed +3 ring of adornment (on right hand) W - an uncursed ring of invisibility Wands h - an uncursed wand of locking (0:6) j - an uncursed wand of slow monster (0:8) o - an uncursed wand of fire (0:4) v - an uncursed wand of probing (0:6) A - an uncursed wand of striking (0:6) J - an uncursed wand of digging (0:8) L - an uncursed wand of digging (0:3) Q - an uncursed wand of slow monster (0:3) Tools f - an uncursed oil lamp (0:1433) k - an uncursed skeleton key y - an uncursed +0 unicorn horn R - an uncursed blindfold Spells and supernatural/magical abilities: Name Level Category Cost Memory W - pray for help -- divine ? -- Your skills at the end: Fighting Skills martial arts [Basic] wands [Basic] Weapon Skills short sword [Basic] long sword [Expert] bow [Basic] Spellcasting Skills Final Attributes: You were piously aligned. You were poison resistant. You were resistant to stunning. You were adorned. You were invisible. You were stealthy. You were fast. You had reflection. You last prayed 4819 turns ago. Amaterasu Omikami was noncommittal. You are dead. Vanquished creatures: a giant mimic a small mimic a freezing sphere 2 large cats an elf mummy 2 leather golems 4 giant beetles a leprechaun an iron piercer a black light a gnome king a gold golem 2 lizards 4 chickatrices a dingo a housecat 2 black unicorns a dust vortex a raven a plains centaur 4 human zombies 2 soldier ants a bugbear an imp a wood nymph a mountain nymph 4 Mordor orcs 6 rock piercers a rock mole 2 ponies 4 yellow lights a shrieker 3 violet fungi 3 gnome lords 3 gnomish wizards a red naga hatchling a golden naga hatchling 2 guardian naga hatchlings a straw golem a baby crocodile 3 giant ants 3 little dogs 2 floating eyes a kitten a dwarf a homunculus a kobold shaman 21 hill orcs 5 rothes 2 rabid rats 7 centipedes 3 giant bats an orc zombie 2 iguanas 2 coyotes 5 manes 3 hobgoblins a giant rat 4 cave spiders a brown mold 2 yellow molds 3 green molds a red mold 10 gnomes a garter snake 5 geckos 2 jackals a fox a kobold 6 goblins a sewer rat 4 grid bugs 5 lichens 3 kobold zombies 9 newts 196 creatures vanquished. Voluntary challenges: You used a wielded weapon 380 times, starting on turn 268. You were illiterate. You never genocided any monsters. You never polymorphed an object. You never changed form. You used no wishes. You never split a pudding. You never wrote Elbereth's name. You violated your moral code, losing 29 points of alignment, starting on turn 3815. Dungeon overview: The Dungeons of Doom: levels 1 to 9 Level 1 an altar to Raijin a long staircase Level 2 a delicatessen, an altar to Raijin, a fountain a long staircase Level 3 Level 4 Level 5 a fountain Level 6 an armor shop, an altar to Amaterasu Omikami, a fountain Level 7 <- You were here a general store, an altar to Raijin, a fountain, a vault Level 8 many fountains Level 9 a fountain stairs to Sokoban Sokoban: levels 5 to 8 Level 5 Solved Level 6 Solved Level 7 Solved Level 8 Solved stairs to The Dungeons of Doom History has recorded: On T:1 you entered the Dungeons of Doom to retrieve the Amulet of Yendor! On T:330 you reached level 2 of The Dungeons of Doom. On T:722 you reached level 3 of The Dungeons of Doom. On T:789 you advanced to experience level 2. On T:895 you reached level 4 of The Dungeons of Doom. On T:1070 you advanced to experience level 3. On T:1076 you reached level 5 of The Dungeons of Doom. On T:1807 you advanced to experience level 4. On T:1821 you reached level 6 of The Dungeons of Doom. On T:2204 you advanced to experience level 5. On T:2305 you reached level 7 of The Dungeons of Doom. On T:2989 you advanced to experience level 6. On T:3490 you reached level 8 of The Dungeons of Doom. On T:3727 you reached level 9 of The Dungeons of Doom. On T:3847 you advanced to experience level 7. On T:4109 you reached level 4 of Sokoban. On T:4598 you reached level 3 of Sokoban. On T:5409 you reached level 2 of Sokoban. On T:5899 you advanced to experience level 8. On T:6010 you reached level 1 of Sokoban. Score breakdown: Gold: 0 ( 0 points) Experience: 8 levels (14739 points) Exploration: 9 levels ( 18.37%) (12247 points) Discoveries: 14 items ( 5.60%) ( 7099 points) Valuables value: (no points given unless you survive) Artifact value: 0 ( 0 points) Variety of kills: 75 monsters ( 19.74%) (13327 points) Turncount: 7830 turns (-2017 points) Survival: died (score multiplied by 80%) Total score: 36316 Latest messages: [15 turns] You see here an orcish dagger. The soldier ant bumps right into you! The soldier ant bites! The soldier ant stings! You faint from lack of food. The soldier ant misses. The soldier ant stings! The soldier ant bites! The soldier ant stings! The soldier ant bites! The soldier ant misses. (3x) The soldier ant bites! The soldier ant stings! The soldier ant bites! The soldier ant stings! The soldier ant bites! The soldier ant stings! The soldier ant bites! The soldier ant stings! The soldier ant bites! You die... Final status: Sayonara Mandevil the Samurai, killed by a soldier ant, while fainted from lack of food... You died in The Dungeons of Doom on dungeon level 7 with 36316 points, and 0 pieces of gold, after 7830 moves. You were level 8 with a maximum of 109 hit points when you died.